 Dungeon Crawl Stone Soup version 0.28-a0-1002-gf00fe891ef (webtiles) character file.

Game seed: 16894966948691761214

614 Strat the Ruffian (level 7, -2/46 (52) HPs)
             Began as a Barachi Transmuter on Dec 6, 2021.
             Slain by a wight (13 damage)
             ... on level 5 of the Dungeon.
             The game lasted 00:11:37 (5970 turns).

Strat the Ruffian (Barachi Transmuter)              Turns: 5970, Time: 00:11:38

HP:   -2/46 (52)    AC:  3    Str: 14    XL:     7   Next: 44%
MP:   10/10         EV: 12    Int: 13    God:
Gold: 158           SH:  0    Dex: 18    Spells: 2/10 levels left

rFire   . . .      SeeInvis .     - Unarmed
rCold   . . .      Faith    .   (no shield)
rNeg    . . .      Spirit   .   d - +1 robe
rPois   .          Reflect  .   (helmet currently unavailable)
rElec   .          Harm     .   (no cloak)
rCorr   .          Rampage  .   (no gloves)
Will    .....                   (boots currently unavailable)
Stlth   ++........              (no amulet)
HPRegen 0.15/turn               h - +6 ring of dexterity
MPRegen 0.12/turn               (no ring)

@: appendages, heavily drained, slow
A: horns 2, talons 2, amphibious, slowness 1, strong legs 1, +LOS
a: Hop, End Transformation


You were on level 5 of the Dungeon.
You had temporarily grown beastly horns and talons.
You visited 1 branch of the dungeon, and saw 6 of its levels.

You collected 158 gold pieces.

Inventory:

Hand Weapons
 b - a +0 hunting sling
Missiles
 e - 74 stones
 l - 2 atropa-tipped darts
Armour
 a - a +0 ring mail
 d - a +1 robe (worn)
 i - a +0 leather armour
Jewellery
 h - a +6 ring of dexterity (left hand)
Wands
 g - a wand of flame (11)
Scrolls
 c - 3 scrolls of teleportation
Potions
 j - a potion of attraction {unknown}
 k - a potion of heal wounds {unknown}


   Skills:
 + Level 3.5 Fighting
 - Level 2.1 Dodging
 + Level 6.8 Unarmed Combat
 - Level 2.1 Spellcasting
 + Level 5.0 Transmutations
 + Level 2.1 Poison Magic


You had 2 spell levels left.
You knew the following spells:

 Your Spells              Type           Power      Damage    Failure   Level
a - Beastly Appendage     Tmut           28%        N/A       3%          1
b - Spider Form           Tmut/Pois      10%        N/A       17%         3
c - Ice Form              Ice/Tmut       8%         N/A       65%         4

Your spell library contained the following spells:

 Spells                   Type           Power      Damage    Failure   Level
 Wereblood                Tmut           14%        N/A       4%          2
 Poisonous Vapours        Pois/Air       8%         N/A       24%         2
 Magic Dart               Conj           4%         1d3       26%         1
 Corpse Rot               Necr/Air       2%         N/A       36%         2
 Ensorcelled Hibernation  Hex/Ice        2%         N/A       36%         2
 Searing Ray              Conj           2%         2d4       36%         2
 Ignite Poison            Fire/Tmut/Pois 7%         N/A       28%         3
 Conjure Flame            Conj/Fire      1%         6-21      58%         3
 Dazzling Flash           Conj/Hex       2%         N/A       58%         3
 Fulminant Prism          Conj/Hex       0%         3d6       94%         4
 Sticky Flame             Conj/Fire      1%         2d3       94%         4
 Agony                    Necr           1%         N/A       100%        5
 Silence                  Hex/Air        0%         N/A       100%        5


Dungeon Overview and Level Annotations

Branches:
Dungeon (6/15)
 Temple: D:4-7

Altars:
Elyvilon
Sif Muna
Zin
The Shining One

Shops:
D:5 *


Innate Abilities, Weirdness & Mutations

You have temporarily grown beastly horns and talons.
You are amphibious.
You cover ground slowly.
You can hop short distances.
You have an extended range of vision and can be seen from far away.


Message History

There is an open door here.
There is an open door here.
A wight comes into view. It is wielding a +0 falchion.
Found a robe.
Casting: Beastly Appendage (safe; 3% risk of failure)
Confirm with . or Enter, or press ? or * to list all spells.
You grow a pair of large bovine horns.
Your feet morph into talons.
You punch the wight! You claw the wight.
The wight is severely damaged.
The wight hits you with a +0 falchion.
You feel drained.
You closely miss the wight. You claw the wight, but do no damage.
The wight is severely damaged.
The wight hits you with a +0 falchion!
You feel drained.
You hit the wight but do no damage. Your kick misses the wight.
Your headbutt misses the wight.
The wight is severely damaged.
The wight hits you with a +0 falchion.
* * * LOW HITPOINT WARNING * * *
You feel drained.
* * * LOW HITPOINT WARNING * * *
You barely miss the wight.
The wight is severely damaged.
The wight hits you with a +0 falchion!
* * * LOW HITPOINT WARNING * * *
You feel drained.
* * * LOW HITPOINT WARNING * * *
You hit the wight but do no damage. You claw the wight, but do no damage.
The wight is severely damaged.
The wight closely misses you.
You closely miss the wight.
The wight is severely damaged.
The wight hits you with a +0 falchion!
* * * LOW HITPOINT WARNING * * *
You hit the wight.
The wight is almost destroyed.
Unknown command.
You barely miss the wight. Your kick misses the wight.
The wight is almost destroyed.
The wight hits you with a +0 falchion!
You die...

#################
#...............#######
#####
#.#############.......#
#....##......z@.[.#
#..####.#
##.##.....########.#
##.#....###
##z≈≈####..# #.##..#...
..≈≈≈..##..#
######..##..###
.#≈≈≈#.....#
#........##.##
###'#####.##
######.>...⌠...!..##
#..# #.#
....#........##...#
##.####.##.#
#..######..##.....
#.........#
#.......#.##.....#


You could see a wight.

Vanquished Creatures
  A black bear (D:3)
  A phantom (D:5)
  A jelly (D:5)
  A howler monkey (D:5)
  A centaur zombie (D:5)
  A hound (D:5)
  A bullfrog skeleton (D:5)
  An iguana (D:5)
  Natasha (D:3)
  An orc wizard (D:5)
  A scorpion zombie (D:3)
  A hound zombie (D:5)
  A hound skeleton (D:4)
  4 adders
  2 adder zombies (D:3)
  2 worms (D:2)
  5 orcs
  8 ball pythons
  10 endoplasms
  2 giant cockroaches
  7 goblins
  12 hobgoblins
  18 jackals
  2 quokkas
  A ball python skeleton (D:3)
  5 bats
  2 frilled lizards (D:1)
  A giant cockroach zombie (D:3)
  A jackal skeleton (D:3)
  3 kobolds
  7 rats
105 creatures vanquished.

Notes
Turn   | Place    | Note
-------+----------+-------------------------------------------
     0 | D:1      | Strat the Barachi Transmuter began the quest for the Orb.
     0 | D:1      | Reached XP level 1. HP: 15/15 MP: 3/3
   240 | D:1      | Reached XP level 2. HP: 21/21 MP: 3/5
   266 | D:1      | Reached skill level 4 in Unarmed Combat
   598 | D:1      | Found a faded altar of an unknown god.
   723 | D:1      | Reached XP level 3. HP: 24/26 MP: 4/6
  1258 | D:1      | Reached skill level 5 in Unarmed Combat
  1693 | D:2      | Reached XP level 4. HP: 30/32 MP: 7/7
  2520 | D:3      | Noticed a black bear
  2520 | D:3      | Noticed Natasha
  2578 | D:3      | Learned a level 3 spell: Spider Form
  3122 | D:3      | Found a glowing golden altar of the Shining One.
  3377 | D:3      | Reached XP level 5. HP: 33/37 MP: 8/8
  3414 | D:3      | Learned a level 4 spell: Ice Form
  3516 | D:3      | Killed a black bear
  3517 | D:3      | Reached skill level 6 in Unarmed Combat
  3517 | D:3      | Reached XP level 6. HP: 19/44 MP: 7/9
  3573 | D:3      | Killed Natasha
  3841 | D:3      | Found a shimmering blue altar of Sif Muna.
  3848 | D:3      | Found a white marble altar of Elyvilon.
  4532 | D:5      | Entered Level 5 of the Dungeon
  4533 | D:5      | Found Renumieca's Gadget Gallery.
  4635 | D:5      | HP: 1/44 [something (3)]
  5201 | D:5      | Reached skill level 1 in Poison Magic
  5241 | D:5      | Found a glowing silver altar of Zin.
  5267 | D:5      | Reached XP level 7. HP: 38/51 MP: 8/10
  5389 | D:5      | Reached skill level 5 in Transmutations
  5970 | D:5      | Slain by a wight

Illustrated notes

Levels and vault maps discovered:
D:1:      pf_arrival_petrified_forest, layout_basic,
          dreamdust_ecumenical_altar_hidden_monk_grotto,
          minmay_indecisive_spiral
D:2:      layout_loops_ring
D:3:      layout_loops_ring, mainiacjoe_overflow_24_doors,
          mainiacjoe_overflow_big_doors, serial_undead, serial_undead_c,
          serial_undead_a, serial_undead_a, serial_undead_d, uniq_natasha
D:4:      layout_basic
D:5:      layout_loops_ring, mainiacjoe_overflow_boulevard,
          mainiacjoe_overflow_chevrons, serial_shops,
          nicolae_shop_window_shopping, grunt_ministairs_14, st_stairs_6,
          minmay_misc_feat_tower, minmay_liquid_box, amcnicky_mini_pool_small,
          minivault_27, nicolae_shop_gadgets
D:6:      layout_rooms, nicolae_overflow_crystal_walls, bloody_makhleb,
          temple_hall

Skill      XL: |  1  2  3  4  5  6  7 |
---------------+----------------------+-----
Unarmed Combat | 4 5 6 |  6.8
Transmutations | 3 4 5 |  5.0
Fighting       | 2 3 |  3.5
Poison Magic   | 1 2 |  2.1
Dodging        | |  2.1
Spellcasting   | |  2.1

Action                   |  1- 3 |  4- 6 |  7- 9 || total
-------------------------+-------+-------+-------++-------
Melee: Unarmed           |   119 |   142 |    36 ||   297
       Kick              |    19 |    31 |    15 ||    65
       Headbutt          |     9 |    19 |     5 ||    33
       Punch             |     1 |     2 |     1 ||     4
 Fire: Hunting sling     |     8 |    53 |       ||    61
 Cast: Beastly Appendage |    23 |    27 |     4 ||    54
 Abil: Hop               |       |     2 |       ||     2
Evoke: Wand              |       |     3 |     3 ||     6
  Use: Scroll            |       |     6 |     3 ||     9
       Potion            |       |     2 |     1 ||     3
Armor: Robe              |    18 |    22 |     2 ||    42
Dodge: Dodged            |    75 |    81 |    14 ||   170

Table legend: (Time is in decaauts)
 A = Elapsed time spent in this place.
 B = Non-inter-level travel time spent in this place.
 C = Inter-level travel time spent in this place.
 D = Time resting spent in this place.
 E = Time spent auto-exploring this place.
 F = Levels seen in this place.
 G = Mean time per level.
                   A        B        C        D        E       F      G
               +--------+--------+--------+--------+--------+-----+--------+
         Total |   6486 |   6290 |    196 |   1454 |   3595 |   6 | 1081.0 |
       Dungeon |   6486 |   6290 |    196 |   1454 |   3595 |   6 | 1081.0 |
               +--------+--------+--------+--------+--------+-----+--------+

Top non-repeatable levels by time:
     D:1: 1482 daAuts
     D:5: 1440 daAuts
     D:2: 1396 daAuts
     D:3: 1384 daAuts
     D:4: 712 daAuts
     D:6: 69 daAuts
